 Dungeon Crawl Stone Soup version 0.26.1-11-gd32895ea62 (webtiles) character file.

Game seed: 11022110594137567647

21877 Almogavar the Cleaver (level 12, -6/112 HPs)
             Began as a Hill Orc Fighter on July 4, 2021.
             Was a High Priest of Makhleb.
             Mangled by an orc warlord
             ... wielding a +2 great sword of venom
              (22 damage)
             ... on level 1 of the Orcish Mines on July 5, 2021.
             The game lasted 00:45:35 (15247 turns).

Almogavar the Cleaver (Hill Orc Fighter)           Turns: 15247, Time: 00:45:35

Health: -6/112     AC: 23    Str: 24    XL:     12   Next: 94%
Magic:  15/15      EV: 12    Int:  8    God:    Makhleb [*****.]
Gold:   840        SH: 12    Dex: 10    Spells: 11/11 levels left

rFire    . . .     SeeInvis .   j - +3 hand axe (vorpal)
rCold    . . .     Faith    .   c - +0 kite shield
rNeg     . . .     Spirit   .   D - +1 scale mail {Will+}
rPois    +         Reflect  .   p - +2 helmet
rElec    .         Harm     .   (no cloak)
rCorr    .         Rampage  .   N - +2 pair of gloves "Foong" {Regen+}
Will     +....                  C - +2 pair of boots
Stlth    ..........             (no amulet)
HPRegen  0.68/turn              a - +4 ring of protection
MPRegen  0.14/turn              I - ring of poison resistance

@: no status effects
A: no striking features
a: Renounce Religion, Minor Destruction, Lesser Servant of Makhleb, Major
Destruction, Greater Servant of Makhleb


You were on level 1 of the Orcish Mines.
You worshipped Makhleb.
Makhleb was extremely pleased with you.
You visited 3 branches of the dungeon, and saw 14 of its levels.
You also visited: Bailey.

You collected 1120 gold pieces.
You spent 280 gold pieces at shops.

Inventory:

Hand Weapons
 j - a +3 vorpal hand axe (weapon)
 m - a +2 hunting sling of freezing
 n - a +2 hand axe of electrocution
 F - a cursed +4 morningstar
 L - a +4 broad axe
Missiles
 g - 353 stones (quivered)
 h - 105 sling bullets
Armour
 c - a +0 kite shield (worn)
 p - a +2 helmet (worn)
 q - a +0 hat
 x - a +0 chain mail
 A - +0 acid dragon scales
 C - a +2 pair of boots (worn)
 D - a +1 scale mail of willpower (worn)
 N - the +2 pair of gloves "Foong" (worn) {Regen+}
   (You acquired it in a bailey)

   It increases your rate of regeneration.
 Q - a +0 plate armour of cold resistance
Jewellery
 a - a +4 ring of protection (left hand)
 f - an uncursed ring of fire
 I - a ring of poison resistance (right hand)
Wands
 s - a wand of disintegration (16)
 u - a wand of paralysis (11)
 w - a wand of iceblast (26)
 J - a wand of acid (5)
Scrolls
 b - a scroll of silence
 e - 8 scrolls of teleportation
 i - 9 scrolls of remove curse
 k - 3 scrolls of enchant weapon
 o - 2 scrolls of amnesia
 t - a scroll of enchant armour
 y - a scroll of fog
 H - a scroll of brand weapon {unknown}
 M - a scroll of fear {unknown}
 O - 2 scrolls of magic mapping
Potions
 d - 3 potions of might
 l - 3 potions of brilliance
 r - 3 potions of haste
 v - 2 potions of curing
 z - 2 potions of lignification
 E - 3 potions of heal wounds
 G - a potion of flight {unknown}
 K - a potion of degeneration {unknown}
 P - a potion of mutation {unknown}


   Skills:
 + Level 11.8 Fighting
 - Level 14.2 Axes
 + Level 4.7 Slings
 + Level 7.9 Armour
 + Level 5.8 Dodging
 - Level 0.4 Stealth
 + Level 11.5 Shields
 * Level 4.1 Invocations


You had 11 spell levels left.
You didn't know any spells.
Your spell library contained the following spells:

 Spells                   Type           Power        Failure   Level
 Animate Skeleton         Necr           0%           83%         1
 Apportation              Tloc           0%           83%         1
 Corona                   Hex            0%           83%         1
 Summon Small Mammal      Summ           0%           83%         1
 Corpse Rot               Necr/Air       N/A          92%         2
 Static Discharge         Conj/Air       0%           99%         3
 Stone Arrow              Conj/Erth      0%           99%         3
 Lee's Rapid Deconstruct  Erth           0%           100%        5
 Freezing Cloud           Conj/Ice/Air   0%           100%        6


Dungeon Overview and Level Annotations

Branches:
Dungeon (11/15)            Temple (1/1) D:6            Lair (0/6) D:11
    Orc (2/2) D:11         Bailey (visited)
    Elf: Orc:2

Altars:
Ashenzari
Cheibriados
Dithmenos
Elyvilon
Fedhas
Gozag
Hepliaklqana
Kikubaaqudgha
Makhleb
Nemelex Xobeh
Okawaru
Qazlal
Ru
Sif Muna
Trog
Uskayaw
Vehumet
Wu Jian
Xom
Yredelemnul
Zin
The Shining One
Beogh

Shops:
Orc:1 !

Annotations:
D:8 2 transporters


Message History

You are too injured to fight recklessly!
You are too injured to fight recklessly!
Fire: 355 stones
Press: ? - help, Q - select action, (/) - cycle Shift-Dir - straight line, f - orc warlord
Aim: an orc warlord, wielding a +2 great sword of venom and wearing a +1 plate armour of positive energy (severely wounded, 76% to hit)
You shoot a stone.
The stone hits the orc warlord but does no damage.
The orc warlord is severely wounded.
Your neqoxec dies!
Your crimson imp disappears in a puff of smoke!
Fire: 354 stones
Press: ? - help, Q - select action, (/) - cycle Shift-Dir - straight line, f/p - orc warlord
Aim: an orc warlord, wielding a +2 great sword of venom and wearing a +1 plate armour of positive energy (severely wounded, 76% to hit)
You shoot a stone.
The stone hits the orc warlord but does no damage.
The orc warlord is severely wounded.
Your +2 hunting sling of freezing stops glowing.
j - a +3 vorpal hand axe (weapon)
The orc warlord hits you with a +2 great sword of venom!!
You die...

...................#..##
.#..).............#.#.##
#......................#
#......#..............##
#...#..................#
##.........#...........#
#.....................##
.............[.)......#
.............(>o@.#..##
.............[[......##
.............ยง......#.##
.......................#
......................##
.....................##
.....................#
...#...#............##
..###.##...........##


You could see an orc warlord.

Vanquished Creatures
  3 death yaks (D:11)
  2 orc high priests
  Urug (D:11)
  An unseen horror (D:10)
  6 orc knights
  Pikel (D:4)
  The ghost of Glamhuggeren the Conjurer, a novice DsFE of Vehumet (D:7)
  2 centaur skeletons
  A kobold demonologist (Bailey)
  Maggie (D:6)
  7 trolls
  A hornet (D:11)
  Sigmund (D:4)
  2 wyverns
  22 yaks
  Menkaure (D:6)
  2 wargs (Orc:2)
  An eye of draining (D:10)
  21 orc warriors
  3 ice beasts
  8 ogres
  6 necrophages
  4 centaurs
  3 big kobolds
  A lemure (D:4)
  9 bullfrogs
  A wyvern zombie (D:3)
  3 scorpions
  4 killer bees (D:7)
  6 howler monkeys
  10 wights
  3 electric eels (Bailey)
  2 jellies
  A centaur zombie (D:7)
  A bullfrog zombie (D:9)
  2 quasits
  5 hounds
  13 orc priests
  2 bullfrog skeletons
  A gnoll shaman (D:10)
  13 orc wizards
  4 iguanas
  12 worker ants
  A killer bee zombie (D:9)
  A bullfrog simulacrum (D:7)
  A hound zombie (D:7)
  A mummy (D:7)
  4 worker ant zombies
  14 gnolls
  14 adders
  2 shadow imps
  5 white imps
  An ufetubus (D:8)
  2 adder zombies
  An adder skeleton (D:5)
  5 worms
  An adder simulacrum (D:7)
  4 leopard geckos
  63 orcs
  4 giant cockroaches
  18 goblins
  17 hobgoblins
  12 jackals
  23 kobolds
  A ball python (D:2)
  6 bats
  4 frilled lizards
  A leopard gecko zombie (D:5)
  3 rats
403 creatures vanquished.

Vanquished Creatures (others)
  A fungus (Orc:2)
  7 withered plants
8 creatures vanquished.

Grand Total: 411 creatures vanquished

Notes
Turn   | Place    | Note
-------+----------+-------------------------------------------
     0 | D:1      | Almogavar the Hill Orc Fighter began the quest for the Orb.
     0 | D:1      | Reached XP level 1. HP: 19/19 MP: 1/1
   225 | D:1      | Reached XP level 2. HP: 25/27 MP: 2/2
   770 | D:2      | Reached skill level 3 in Axes
   770 | D:2      | Reached XP level 3. HP: 6/33 MP: 3/3
  1027 | D:2      | Reached XP level 4. HP: 37/40 MP: 4/4
  1172 | D:2      | Reached skill level 4 in Axes
  1189 | D:2      | Found a radiant altar of Vehumet.
  1655 | D:3      | Found a sacrificial altar of Ru.
  1655 | D:3      | Found a white marble altar of Elyvilon.
  1667 | D:3      | Reached XP level 5. HP: 26/47 MP: 5/5
  1923 | D:3      | Reached skill level 5 in Axes
  1948 | D:3      | Found a bloodstained altar of Trog.
  2032 | D:3      | Found a snail-covered altar of Cheibriados.
  2394 | D:4      | Noticed an ogre
  2401 | D:4      | Reached XP level 6. HP: 53/53 MP: 6/6
  2639 | D:4      | Reached skill level 6 in Axes
  2667 | D:4      | Reached XP level 7. HP: 56/60 MP: 7/7
  2759 | D:4      | Reached skill level 1 in Dodging
  2776 | D:4      | Reached skill level 5 in Fighting
  2790 | D:4      | Reached skill level 1 in Slings
  3095 | D:4      | Noticed Sigmund
  3137 | D:4      | Killed Sigmund
  3138 | D:4      | Reached skill level 7 in Axes
  3138 | D:4      | Reached skill level 5 in Armour
  3138 | D:4      | Reached skill level 5 in Shields
  3393 | D:4      | Noticed Pikel
  3424 | D:4      | HP: 2/61 [orc priest/divine providence (17)]
  3431 | D:4      | HP: 1/61 [orc priest/divine providence (12)]
  3898 | D:4      | Killed Pikel
  3899 | D:4      | Reached skill level 8 in Axes
  3899 | D:4      | Reached XP level 8. HP: 57/70 MP: 8/8
  4013 | D:4      | Found a hide-covered altar of Uskayaw.
  4414 | D:4      | Found the +3 giant club "Skullcrusher" {speed, Str+7}
  4474 | D:5      | Entered Level 5 of the Dungeon
  4699 | D:5      | Reached skill level 9 in Axes
  5169 | D:5      | Reached XP level 9. HP: 75/75 MP: 9/9
  5894 | D:6      | Found a shadowy altar of Dithmenos.
  5897 | D:6      | Noticed Menkaure
  5919 | D:6      | Killed Menkaure
  6271 | D:6      | Found a stormy altar of Qazlal.
  6333 | D:6      | Reached skill level 10 in Axes
  6386 | D:6      | Found a staircase to the Ecumenical Temple.
  6405 | Temple   | Entered the Ecumenical Temple
  6434 | Temple   | Became a worshipper of Makhleb the Destroyer
  6679 | D:6      | Found an opulent altar of Gozag.
  6802 | D:6      | Noticed Maggie
  6818 | D:6      | Killed Maggie
  7614 | D:7      | Reached skill level 11 in Axes
  8013 | D:7      | Reached XP level 10. HP: 82/86 MP: 10/10
  8121 | D:7      | Found a runed translucent gate.
  8121 | D:7      | Found a runed translucent gate.
  8122 | D:7      | Found a runed translucent gate.
  8148 | D:7      | Found a broken altar of Ashenzari.
  8272 | D:7      | Noticed Glamhuggeren's ghost (novice DsFE)
  8281 | D:7      | Reached * piety under Makhleb
  8429 | D:7      | Found a sacrificial altar of Ru.
  8656 | D:7      | Reached skill level 12 in Axes
  8668 | D:7      | Killed Glamhuggeren's ghost
  8671 | D:7      | HP: 3/88 [burnt (5)]
  9419 | D:8      | Found a basalt altar of Yredelemnul.
  9501 | D:8      | Identified the Guide on Ashen Feathers
  9655 | D:8      | Found an iron altar of Okawaru.
  9751 | D:8      | Noticed a cyclops
  9765 | D:8      | Noticed an eight-headed hydra
  9768 | D:8      | Found a transporter.
  9772 | D:8      | Found a transporter.
  9783 | D:8      | Found a hazy altar of Hepliaklqana.
  9901 | D:9      | Reached ** piety under Makhleb
 10310 | D:9      | Reached XP level 11. HP: 95/95 MP: 11/11
 10433 | D:9      | Reached *** piety under Makhleb
 10550 | D:10     | Entered Level 10 of the Dungeon
 10606 | D:10     | Reached skill level 13 in Axes
 11241 | D:10     | Killed an unseen horror
 11929 | D:11     | Found a flagged portal.
 11949 | Bailey   | Entered a bailey
 12017 | Bailey   | Noticed an orc high priest
 12040 | Bailey   | Killed an orc high priest
 12041 | Bailey   | Found an iron altar of Okawaru.
 12068 | Bailey   | Found the +3 robe of Folly {Archmagi, Will-- Int+5}
 12247 | Bailey   | Reached **** piety under Makhleb
 12258 | Bailey   | Acquired the +2 pair of gloves "Foong" {Regen+}
 12337 | Bailey   | Noticed an orc knight
 12354 | Bailey   | Killed an orc knight
 12697 | Bailey   | Reached skill level 14 in Axes
 12901 | D:11     | Found a staircase to the Orcish Mines.
 12970 | D:11     | Reached skill level 10 in Shields
 12997 | D:11     | Reached XP level 12. HP: 105/106 MP: 12/12
 13014 | D:11     | Reached skill level 5 in Dodging
 13159 | D:11     | Reached skill level 10 in Fighting
 13271 | D:11     | Noticed a death yak
 13271 | D:11     | Noticed a death yak
 13273 | D:11     | Found a staircase to the Lair.
 13273 | D:11     | Noticed a death yak
 13286 | D:11     | Reached ***** piety under Makhleb
 13303 | D:11     | Killed a death yak
 13317 | D:11     | Killed a death yak
 13328 | D:11     | Killed a death yak
 13650 | D:11     | Found a roughly hewn altar of Beogh.
 14071 | Orc:1    | Entered Level 1 of the Orcish Mines
 14083 | Orc:1    | Noticed an orc high priest
 14083 | Orc:1    | Noticed Urug
 14128 | D:11     | Killed Urug
 14129 | D:11     | Reached skill level 1 in Invocations
 14321 | Orc:1    | Killed an orc high priest
 14602 | Orc:1    | Found Ekeado's Distillery.
 14633 | Orc:1    | Bought 2 potions of heal wounds for 140 gold pieces
 14633 | Orc:1    | Bought a potion of heal wounds for 70 gold pieces
 14633 | Orc:1    | Bought a potion of heal wounds for 70 gold pieces
 14859 | Orc:2    | Entered Level 2 of the Orcish Mines
 15021 | Orc:2    | Noticed an orc warlord
 15091 | Orc:2    | Noticed an orc high priest
 15236 | Orc:1    | HP: 3/112 [orc warlord/+2 great sword of venom (19)]
 15247 | Orc:1    | Mangled by an orc warlord

Illustrated notes

Levels and vault maps discovered:
D:1:      enne_arrival_octagon_isle, layout_basic
D:2:      minmay_alternating_diamond, layout_basic, vehumet_crystals,
          guppyfry_early_orc_mine
D:3:      layout_loops_cross, lemuel_crystal_altar, lemuel_crystal_altar,
          grunt_temple_overflow_open, minmay_tree_intersection
D:4:      minmay_evil_eye, layout_basic, eat_drink_and_be_merry_uskayaw,
          uniq_sigmund, uniq_pikel
D:5:      layout_basic, minmay_misc_feat_tower
D:6:      layout_layer_cave, grunt_gozag_statues,
          nicolae_qazlal_eye_of_the_storm, minmay_temple_entry_glass,
          nicolae_dithmenos_shadow_blocks, uniq_menkaure, uniq_maggie
D:7:      layout_cave_pools, nicolae_ashenzari_panopticon, serial_undead,
          serial_undead_f, serial_undead_d, serial_undead_c, serial_undead_d,
          serial_undead_d, serial_undead_f, serial_undead_a, basic_altar,
          gammafunk_ghost_icy
D:8:      layout_rooms, gammafunk_temple_overflow_arena,
          yredelemnul_altar_generic, lemuel_round_altar
D:9:      layout_basic
D:10:     layout_cave_pods
D:11:     layout_stronghold, dpeg_lair_monsters, minmay_orc_entry_temple_small,
          enter_bailey_2, gauntlet_entry_generic, kennysheep_generic_room_3
Temple:   eino_temple_lava
Orc:1:    nicolae_orc_accident_1, layout_caves, serial_shops,
          nicolae_shop_waterfront, uniq_urug
Orc:2:    grunt_orc_gardens, layout_caves, grunt_orc_garden, grunt_orc_garden,
          grunt_orc_garden, grunt_orc_garden, uniq_saint_roka, uniq_erolcha

Skill      XL: |  1  2  3  4  5  6  7  8  9 10 11 12 |
---------------+-------------------------------------+-----
Fighting       | 4 5 6 7 8 9 11 | 11.8
Axes           | 3 4 5 6 8 9 11 12 14 | 14.2
Armour         | 4 5 6 7 |  7.9
Shields        | 4 5 6 7 8 10 11 | 11.5
Dodging        | 1 2 3 4 5 |  5.8
Slings         | 1 3 4 |  4.7
Invocations    | 4 |  4.1
Stealth        | |  0.4

Action                   |  1- 3 |  4- 6 |  7- 9 | 10-12 || total
-------------------------+-------+-------+-------+-------++-------
Melee: War axe           |    35 |       |       |       ||    35
       Hand axe          |    18 |   124 |   402 |  1044 ||  1588
 Fire: Hunting sling     |       |     5 |     3 |    82 ||    90
Invok: Lesser Servant of |       |       |       |     2 ||     2
  Use: Scroll            |     1 |     2 |     2 |    10 ||    15
       Potion            |       |       |     4 |     7 ||    11
Armor: Scale mail        |    23 |    34 |   110 |    34 ||   201
       Acid dragon scale |       |       |    22 |   229 ||   251
       Skin              |       |       |       |    11 ||    11
Dodge: Dodged            |    14 |    34 |   101 |   263 ||   412
Block: Kite shield       |    22 |    63 |   169 |   426 ||   680
